 Dungeon Crawl Stone Soup version 0.19.5 (webtiles) character file.

56 Grujah the Sneak (level 4, 0/27 HPs)
             Began as a Kobold Assassin on May 29, 2017.
             Was an Initiate of Ashenzari.
             Slain by a worm (9 damage)
             ... on level 2 of the Dungeon.
             The game lasted 00:03:31 (1280 turns).

Grujah the Sneak (Kobold Assassin)                  Turns: 1280, Time: 00:03:31

Health: 0/27       AC:  3    Str:  8    XL:     4   Next: 15%
Magic:  4/4        EV: 14    Int: 12    God:    Ashenzari [......]
Gold:   113        SH:  0    Dex: 17    Spells: 0 memorised, 3 levels left

rFire  . . .     SeeInvis .     a - +2 dagger (curse)
rCold  . . .     Gourm    .     c - +0 robe
rNeg   . . .     Faith    .     (shield restricted)
rPois  .         Spirit   .     (no helmet)
rElec  .         Reflect  .     d - +0 cloak
rCorr  .         Harm     .     (no gloves)
MR     .....                    (no boots)
Stlth  +++.......               (no amulet)
                                (no ring)
                                (no ring)

@: no status effects
A: carnivore 3
a: Curse Item, Renounce Religion


You were on level 2 of the Dungeon.
You worshipped Ashenzari.
Ashenzari was noncommittal.
You were very hungry.

You visited 1 branch of the dungeon, and saw 2 of its levels.

You collected 113 gold pieces.

Inventory:

Hand Weapons
 a - a cursed +2 dagger (weapon)
 b - a +0 blowgun
Missiles
 e - 8 poisoned needles
 f - 2 curare-tipped needles
Armour
 c - a +0 robe (worn)
 d - a +0 cloak (worn)
Scrolls
 m - a scroll of amnesia {unknown}
 q - a scroll of fear {unknown}
Potions
 h - a potion of brilliance {unknown}
 i - a potion of degeneration {unknown}
 j - a potion of curing
 k - a potion of might {unknown}
 l - a potion of ambrosia {unknown}
 n - a potion of berserk rage {unknown}
 o - a potion of heal wounds {unknown}
Comestibles
 g - a meat ration


   Skills:
 + Level 2.7 Fighting
 + Level 3.8 Short Blades
 - Level 2.1 Throwing
 - Level 1.2 Dodging
 * Level 6.4 Stealth


You had 3 spell levels left.
You didn't know any spells.

Dungeon Overview and Level Annotations

Branches:
Dungeon (2/15)

Altars:
Ashenzari
Ru
Uskayaw
Vehumet
Zin


Innate Abilities, Weirdness & Mutations

You are small and have problems with some larger weapons.
You are carnivorous and can eat meat at any time.


Message History

A worm is nearby!
You can't unwield your weapon to draw a new one!
Fire/throw which item? (* to show all) (? for menu, Esc to quit)
Okay, then.
You hit the worm.
The worm is moderately wounded.
You barely miss the worm.
The worm is moderately wounded.
The worm bites you!
You hit the worm.
The worm is heavily wounded.
You hit the worm.
The worm is severely wounded.
The worm bites you!
You hit the worm.
The worm is almost dead.
You hit the worm.
The worm is almost dead.
The worm bites you!
You die...

#.. ## #.. #.
#..## #. ...# ###.
#... #.#. #####
#..#
#.#..###...####.w#
.# #.#..._...##.@#
# #......_.##..# #
##(...........# ##
#.._..⌠.......#
.###.............#
#.#..#._..._...#.#
##.#.#.......###.#
...........#####.#
####.###.........#


You could see a worm.

Vanquished Creatures
  3 adders (D:2)
  A dart slug (D:1)
  A leopard gecko (D:1)
  3 bats
  4 goblins
  4 hobgoblins
  3 kobolds
  2 ball pythons
  A frilled lizard (D:1)
  3 rats
25 creatures vanquished.

Notes
Turn   | Place    | Note
-------+----------+-------------------------------------------
     0 | D:1      | Grujah the Kobold Assassin began the quest for the Orb.
     0 | D:1      | Reached XP level 1. HP: 12/12 MP: 1/1
    99 | D:1      | Reached XP level 2. HP: 5/17 MP: 2/2
   794 | D:1      | Reached skill level 6 in Stealth
   833 | D:2      | Reached XP level 3. HP: 22/22 MP: 3/3
  1215 | D:2      | Found a glowing silver altar of Zin.
  1215 | D:2      | Found a hide-covered altar of Uskayaw.
  1222 | D:2      | Reached XP level 4. HP: 24/27 MP: 4/4
  1238 | D:2      | Found a shattered altar of Ashenzari.
  1238 | D:2      | Found a radiant altar of Vehumet.
  1238 | D:2      | Found a sacrificial altar of Ru.
  1257 | D:2      | Became a worshipper of Ashenzari the Shackled
  1280 | D:2      | Slain by a worm

Skill      XL: |  1  2 |
---------------+-------+-----
Short Blades   | 3 |  3.8
Stealth        | 6 |  6.4
Fighting       | |  2.7
Throwing       | |  2.1
Dodging        | |  1.2

Action                   |  1- 3 |  4- 6 || total
-------------------------+-------+-------++-------
Melee: Dagger            |    87 |     6 ||    93
 Fire: Blowgun           |     2 |       ||     2
Invok: Curse Item        |       |     1 ||     1
  Use: Potion            |     1 |       ||     1
 Stab: Sleeping          |     8 |       ||     8
Armor: Robe              |    14 |       ||    14
Dodge: Dodged            |    51 |       ||    51
